 Dungeon Crawl Stone Soup version 0.24-a0-479-g9a978d2894 (webtiles) character file.

Game seed: 490633986529540541

98 pk666 the Magician (level 4, -1/24 HPs)
             Began as a Deep Elf Wizard on July 8, 2019.
             Slain by a worker ant (3 damage)
             ... on level 3 of the Dungeon.
             The game lasted 00:03:00 (2946 turns).

pk666 the Magician (Deep Elf Wizard)                Turns: 2946, Time: 00:03:01

Health: -1/24      AC:  2    Str:  4    XL:     4   Next: 44%
Magic:  6/13       EV: 13    Int: 24    God:
Gold:   80         SH:  0    Dex: 13    Spells: 4/13 levels left

rFire    . . .     SeeInvis .   j - +0 dagger
rCold    . . .     Gourm    .   (no shield)
rNeg     . . .     Faith    .   a - +0 robe
rPois    .         Spirit   .   b - +0 hat
rElec    .         Reflect  .   (no cloak)
rCorr    .         Harm     .   (no gloves)
MR       +....                  (no boots)
Stlth    ++........             (no amulet)
HPRegen  0.08/turn              f - ring of protection from magic
MPRegen  0.13/turn              (no ring)

@: lethally poisoned (-1 -> -7)
A: no striking features
a: no special abilities


You were on level 3 of the Dungeon.
You were near starving.

You visited 1 branch of the dungeon, and saw 3 of its levels.

You collected 80 gold pieces.

Inventory:

Hand Weapons
 j - a +0 dagger (weapon)
Armour
 a - a +0 robe (worn)
 b - a +0 hat (worn)
Jewellery
 f - a ring of protection from magic (left hand)
 i - an uncursed ring of ice {unknown}
Scrolls
 e - a scroll of remove curse {unknown}
 h - 5 scrolls of identify {unknown}
 k - 2 scrolls of fear {unknown}
 o - a scroll of teleportation {unknown}
Potions
 c - a potion of mutation {unknown}
 g - a potion of might {unknown}
 l - a potion of flight {unknown}
 m - a potion of lignification {unknown}
 n - a potion of agility {unknown}
 q - a potion of haste {unknown}
Comestibles
 d - 4 rations


   Skills:
 - Level 3.1 Dodging
 - Level 2.4 Stealth
 + Level 5.2 Spellcasting
 + Level 2.4 Conjurations
   Level 1.1 Summonings
 + Level 1.6 Translocations
 + Level 1.0 Fire Magic
 + Level 1.0 Air Magic
 + Level 1.1 Poison Magic


You had 4 spell levels left.
You knew the following spells:

 Your Spells              Type           Power        Failure   Level  Hunger
a - Magic Dart            Conj           ###.         3%          1    None
b - Blink                 Tloc           N/A          7%          2    None
c - Conjure Flame         Conj/Fire      ##......     13%         3    ##.....
d - Mephitic Cloud        Conj/Pois/Air  ##......     14%         3    ##.....

Your spell library contained the following spells:

 Spells                   Type           Power        Failure   Level  Hunger
 Call Imp                 Summ           ##......     9%          2    None
 Slow                     Hex            #.......     13%         2    None


Dungeon Overview and Level Annotations

Branches:
Dungeon (3/15)

Altars:


Message History

The worker ant is heavily wounded.
The worker ant completely misses you.
Casting: Magic Dart (safe; 3% risk of failure)
Confirm with . or Enter, or press ? or * to list all spells.
Aiming: Magic Dart (safe; 3% risk of failure)
Press: ? - help, Shift-Dir - straight line, f/p - worker ant
Aim: a worker ant (heavily wounded)
The magic dart hits the worker ant but does no damage.
The worker ant is heavily wounded.
* * * LOW HITPOINT WARNING * * *
You feel sick. The worker ant misses you.
Casting: Magic Dart (safe; 3% risk of failure)
Confirm with . or Enter, or press ? or * to list all spells.
Aiming: Magic Dart (safe; 3% risk of failure)
Press: ? - help, Shift-Dir - straight line, f/p - worker ant
Aim: a worker ant (heavily wounded)
The magic dart hits the worker ant.
The worker ant is heavily wounded.
The worker ant bites you.
You die...

##..#####
......a@#
..##.......#
#.###.?...#
# .#...#
.#...# ##
###


You could see a worker ant.

Vanquished Creatures
  An adder (D:2)
  3 gnolls
  A worm (D:2)
  2 dart slugs (D:1)
  A leopard gecko (D:2)
  2 ball pythons
  5 bats
  3 giant cockroaches (D:1)
  4 goblins
  5 hobgoblins
  4 jackals (D:2)
  8 kobolds
  3 frilled lizards
  8 rats
50 creatures vanquished.

Notes
Turn   | Place    | Note
-------+----------+-------------------------------------------
     0 | D:1      | pk666 the Deep Elf Wizard began the quest for the Orb.
     0 | D:1      | Reached XP level 1. HP: 10/10 MP: 7/7
   227 | D:1      | Reached XP level 2. HP: 15/15 MP: 7/9
  1078 | D:1      | Reached skill level 5 in Spellcasting
  1078 | D:1      | Reached XP level 3. HP: 19/19 MP: 6/11
  1082 | D:1      | Learned a level 2 spell: Blink
  1086 | D:1      | Learned a level 3 spell: Conjure Flame
  1090 | D:1      | Learned a level 3 spell: Mephitic Cloud
  2093 | D:2      | Reached XP level 4. HP: 24/24 MP: 2/13
  2171 | D:1      | Reached skill level 1 in Fire Magic
  2171 | D:1      | Reached skill level 1 in Poison Magic
  2349 | D:2      | Reached skill level 1 in Air Magic
  2946 | D:3      | Slain by a worker ant

Levels and vault maps discovered:
D:1:      matt_arrival_refuge, layout_loops_corners, minmay_tetromino_l2
D:2:      layout_loops_cross
D:3:      layout_rooms, overflow_temple_1_default, okawaru_ov_weapons_minmay

Skill      XL: |  1  2  3  4 |
---------------+-------------+-----
Dodging        | 3 |  3.1
Conjurations   | 2 |  2.4
Spellcasting   | 5 |  5.2
Fire Magic     | 1 |  1.0
Poison Magic   | 1 |  1.1
Air Magic      | 1 |  1.0
Stealth        | |  2.4
Summonings     | |  1.1
Translocations | |  1.6

Action                   |  1- 3 |  4- 6 || total
-------------------------+-------+-------++-------
 Cast: Magic Dart        |   111 |    30 ||   141
       Conjure Flame     |     1 |       ||     1
  Eat: Chunk             |     3 |     1 ||     4
Dodge: Dodged            |    18 |    12 ||    30

Table legend:
 A = Non-vault XP
 B = Vault XP
 C = Vault XP percentage of total XP
 D = Non-vault monster count
 E = Vault monster count
 F = Vault count percentage of total count
                 A         B        C        D         E       F
            +---------+---------+-------+---------+---------+-------
      Total |     139 |       2 |   1.4 |      48 |       2 |   4.0
            +---------+---------+-------+---------+---------+-------
        D:1 |      61 |       2 |   3.2 |      25 |       2 |   7.4
        D:2 |      78 |       0 |   0.0 |      23 |       0 |   0.0
            +---------+---------+-------+---------+---------+-------
